 Dungeon Crawl Stone Soup version 0.30-a0-297-g0ec75d9ef4 (webtiles) character file.

Game seed: 6614731041433930594

25 KennySheep the Ruffian (level 3, 0/33 HPs)
             Began as an Ogre Transmuter on Oct 19, 2022.
             Was a Follower of Ru.
             Slain by an adder (2 damage)
             ... on level 2 of the Dungeon.
             The game lasted 00:04:43 (898 turns).

KennySheep the Ruffian (Ogre Transmuter)             Turns: 898, Time: 00:04:43

Health: 0/33       AC:  3    Str: 14    XL:     3   Next: 6%
Magic:  7/7        EV:  9    Int: 16    God:    Ru [*.....]
Gold:   125        SH:  0    Dex:  9    Spells: 1/7 levels left

rFire   + . .      SeeInvis .      - Unarmed
rCold   + . .      Faith    .    (no shield)
rNeg    . . .      Spirit   .    a - +0 robe
rPois   .          Reflect  .    (helmet currently unavailable)
rElec   .          Harm     .    l - scarf {rC+ rF+}
rCorr   .          Rampage  .    (gloves unavailable)
Will    .....                    (boots unavailable)
Stlth   +.........               (no amulet)
HPRegen 0.25/turn                (no ring)
MPRegen 0.10/turn                (no ring)

@: lethally poisoned (0 -> -8), about to teleport, appendages, unable to drink
A: horns 2, talons 2, large, unfitting armour, tough skin 1, inability to drink
after injury 2
a: End Transformation, Renounce Religion


You were on level 2 of the Dungeon.
You worshipped Ru.
Ru was aware of your devotion.
You had temporarily grown beastly horns and talons.
You visited 1 branch of the dungeon, and saw 2 of its levels.

You collected 125 gold pieces.

Inventory:

Armour
 a - a +0 robe (worn)
 g - a +0 cloak
 l - a scarf of resistance (worn)
Magical Staves
 c - a staff of death
Jewellery
 m - a +6 ring of dexterity
Scrolls
 j - a scroll of identify {unknown}
Potions
 b - a potion of lignification
 d - a potion of resistance {unknown}
 f - a potion of curing {unknown}
 h - a potion of attraction {unknown}
 i - a potion of mutation {unknown}
 k - a potion of invisibility {unknown}


   Skills:
 - Level 1.3 Fighting
 - Level 1.7 Dodging
 * Level 3.1 Unarmed Combat
 + Level 2.8 Spellcasting
 + Level 2.1 Transmutations
 + Level 0.8 Poison Magic


You had one spell level left.
You knew the following spells:

 Your Spells              Type           Power      Damage    Failure   Level
a - Beastly Appendage     Tmut           18%        N/A       9%          1
b - Wereblood             Tmut           9%         N/A       12%         2
c - Spider Form           Tmut/Pois      6%         N/A       32%         3

Your spell library contained the following spells:

 Spells                   Type           Power      Damage    Failure   Level
 Sting                    Tmut/Pois      24%        1d4       11%         1
 Poisonous Vapours        Pois/Air       6%         N/A       24%         2
 Ice Form                 Ice/Tmut       5%         N/A       77%         4
 Olgreb's Toxic Radiance  Pois           4%         N/A       80%         4


Dungeon Overview and Level Annotations

Branches:
Dungeon (2/15)

Altars:
Ru


Innate Abilities, Weirdness & Mutations

You have temporarily grown beastly horns and talons.
You are too large for most types of armour.
You have tough skin. (AC +1)
You sometimes lose the ability to drink potions when taking damage.


Message History

You feel very sick. The bat barely misses you. The adder bites you.
You are more poisoned.
The adder poisons you!
You hit the adder. Your headbutt misses the adder.
The adder is heavily wounded.
You feel very sick. The bat barely misses you. The adder closely misses you. x2
Casting: Beastly Appendage (safe; 9% risk of failure)
Confirm with . or Enter, or press ? or * to list all spells.
The spell is quite dangerous to miscast (32% risk of failure)!
Continue anyway?
Okay, then.
Casting: Spider Form (quite dangerous; 32% risk of failure)
Confirm with . or Enter, or press ? or * to list all spells.
Okay, then.
You cannot drink potions in your current state!
Okay, then.
You hit the adder. Your kick misses the adder.
The adder is almost dead.
You can drink potions again.
You feel very sick. The bat completely misses you. The adder bites you.
You feel threatened and lose the ability to drink potions!
You are lethally poisoned!
The adder poisons you!
You closely miss the adder. Your kick misses the adder.
Your headbutt misses the adder.
The adder is almost dead.
* * * LOW HITPOINT WARNING * * *
You feel very sick. The bat hits you but does no damage. The adder bites you.
* * * LOW HITPOINT WARNING * * *
Okay, then.
You cannot drink potions in your current state!
As you read the scroll labelled APSEMU MYECAW, it crumbles to dust.
You feel strangely unstable.
It was a scroll of teleportation.
* * * LOW HITPOINT WARNING * * *
You feel very sick. The bat closely misses you. The adder bites you.
You die...

#.###
#........
#...###.......
#<..........
##......##
##.....#####.#
#............
###.....####$
#.......#
#.....b@#
#......S#
#.......#
#........
#..........
............
.............
..............


You could see an adder and a bat.

Vanquished Creatures
  A dart slug (D:1)
  3 bats (D:1)
  An endoplasm (D:1)
  2 giant cockroaches (D:1)
  4 goblins (D:1)
  A hobgoblin (D:1)
  3 quokkas (D:1)
  3 ball pythons (D:1)
  A frilled lizard (D:1)
  2 rats (D:1)
21 creatures vanquished.

Notes
Turn   | Place    | Note
-------+----------+-------------------------------------------
     0 | D:1      | KennySheep the Ogre Transmuter began the quest for the Orb.
     0 | D:1      | Reached XP level 1. HP: 19/19 MP: 3/3
   111 | D:1      | Found a faded altar of an unknown god.
   130 | D:1      | Prayed at the altar of an unknown god.
   130 | D:1      | Became a worshipper of Ru the Awakened
   149 | D:1      | Gained mutation: You occasionally lose the ability to drink
                  | potions when taking damage. [Ru sacrifice]
   149 | D:1      | Gained mutation: You sometimes lose the ability to drink
                  | potions when taking damage. [Ru sacrifice]
   149 | D:1      | Reached * piety under Ru
   236 | D:1      | Reached XP level 2. HP: 27/27 MP: 3/5
   287 | D:1      | Reached skill level 3 in Unarmed Combat
   481 | D:1      | Learned a level 2 spell: Wereblood
   542 | D:1      | Reached XP level 3. HP: 26/33 MP: 5/7
   546 | D:1      | Learned a level 3 spell: Spider Form
   898 | D:2      | Slain by an adder

Illustrated notes

Levels and vault maps discovered:
D:1:      dpeg_arrival_stone_temple_mockup, layout_loops_ring,
          dreamdust_ecumenical_altar_statues, minmay_small_reverse_x
D:2:      layout_rooms, basic_altar

Skill      XL: |  1  2 |
---------------+-------+-----
Unarmed Combat | 3 |  3.1
Transmutations | 2 |  2.1
Fighting       | |  1.3
Dodging        | |  1.7
Spellcasting   | |  2.8
Poison Magic   | |  0.8

Action                   || total
-------------------------++-------
Melee: Unarmed           ||    83
       Kick              ||     9
       Headbutt          ||     9
       Punch             ||     2
 Cast: Beastly Appendage ||     8
Invok: Sacrifice Drink   ||     1
  Use: Scroll            ||     1
Armor: Robe              ||    38
Dodge: Dodged            ||    43

Table legend: (Time is in decaauts)
 A = Elapsed time spent in this place.
 B = Non-inter-level travel time spent in this place.
 C = Inter-level travel time spent in this place.
 D = Time resting spent in this place.
 E = Time spent auto-exploring this place.
 F = Levels seen in this place.
 G = Mean time per level.
                   A        B        C        D        E       F      G
               +--------+--------+--------+--------+--------+-----+--------+
         Total |    893 |    875 |     18 |      0 |    669 |   2 |  446.5 |
       Dungeon |    893 |    875 |     18 |      0 |    669 |   2 |  446.5 |
               +--------+--------+--------+--------+--------+-----+--------+

Top non-repeatable levels by time:
     D:1: 870 daAuts
     D:2: 23 daAuts
